 Dungeon Crawl Stone Soup version 0.22-a0-525-gf69a080 (webtiles) character file.

2 kae the Firebug (level 1, -1/10 HPs)
             Began as a Tengu Fire Elementalist on June 20, 2018.
             Slain by a gnoll
             ... wielding a cursed -2 whip
              (11 damage)
             ... on level 1 of the Dungeon.
             The game lasted 00:00:15 (227 turns).

kae the Firebug (Tengu Fire Elementalist)            Turns: 227, Time: 00:00:15

Health: -1/10      AC:  2    Str:  8    XL:     1   Next: 40%
Magic:  1/4        EV: 12    Int: 15    God:
Gold:   0          SH:  0    Dex: 14    Spells: 3/4 levels left

rFire    . . .     SeeInvis .   g - +0 club
rCold    . . .     Gourm    .   (no shield)
rNeg     . . .     Faith    .   a - +0 robe
rPois    .         Spirit   .   (helmet restricted)
rElec    .         Reflect  .   (no cloak)
rCorr    .         Harm     .   (no gloves)
MR       .....                  (boots unavailable)
Stlth    ++........             (no amulet)
HPRegen  0.03/turn              (no ring)
MPRegen  0.09/turn              (no ring)

@: very slightly contaminated
A: beak, talons 3
a: no special abilities


You were on level 1 of the Dungeon.
You were not hungry.

You visited 1 branch of the dungeon, and saw 1 of its levels.

Inventory:

Hand Weapons
 g - a +0 club (weapon)
Armour
 a - a +0 robe (worn)
Jewellery
 e - a +1 ring of evasion {unknown}
Scrolls
 b - a scroll of enchant armour {unknown}
 f - a scroll of remove curse {unknown}
Potions
 d - a potion of curing {unknown}
Comestibles
 c - 2 rations


   Skills:
 + Level 0.1 Fighting
 - Level 2.1 Dodging
 - Level 2.0 Stealth
 + Level 2.0 Spellcasting
 * Level 1.5 Conjurations
 * Level 3.3 Fire Magic


You had 3 spell levels left.
You knew the following spells:

 Your Spells              Type           Power        Failure   Level  Hunger
a - Flame Tongue          Conj/Fire      #....        9%          1    #......

Your spell library contained the following spells:

 Spells                   Type           Power        Failure   Level  Hunger
 Fireball                 Conj/Fire      #.........   92%         5    ######.
 Conjure Flame            Conj/Fire      #.......     24%         3    ###....
 Throw Flame              Conj/Fire      #.....       12%         2    ###....
 Sticky Flame             Conj/Fire      #.......     63%         4    #####..
 Inner Flame              Hex/Fire       #.......     32%         3    ###....


Dungeon Overview and Level Annotations

Branches:
Dungeon (1/15)

Altars:


Innate Abilities, Weirdness & Mutations

You have a beak for a mouth.
You have claws for feet.


Message History

You miscast Flame Tongue.
You are very lightly contaminated with residual magic.
Heat runs through your body.
Casting: Flame Tongue (safe; 9% risk of failure)
Confirm with . or Enter, or press ? or * to list all spells.
Aiming: Flame Tongue (safe; 9% risk of failure)
Press: ? - help, Shift-Dir - straight line, f/p - gnoll
Aim: a gnoll, wielding a whip The flame tongue hits the gnoll.
The gnoll is moderately wounded.
Casting: Flame Tongue (safe; 9% risk of failure)
Confirm with . or Enter, or press ? or * to list all spells.
Aiming: Flame Tongue (safe; 9% risk of failure)
Press: ? - help, Shift-Dir - straight line, f/p - gnoll
Aim: a gnoll, wielding a whip (moderately wounded)
The flame tongue hits the gnoll.
The gnoll is severely wounded.
The gnoll hits you with a whip!
Ouch! That really hurt!
You die...

... .. #+##. #..g. #...# #.).#
####### #...#
......#######################...#
......'.........@g†...........#..
......#########################.#
#...............# ### #.#
#.#############.# #.##### #.#
#.########.# #.# #.#8.8###.#
#.#........# #.# ##......# .#
#.#.######.####.# #.......#
#.#.####.....##.# #.......##
#.#......#.#.##.# #.......8#


You could see a gnoll.

Vanquished Creatures
  A goblin (D:1)
  A hobgoblin (D:1)
2 creatures vanquished.

Notes
Turn   | Place    | Note
-------+----------+-------------------------------------------
     0 | D:1      | kae the Tengu Fire Elementalist began the quest for the Orb.
     0 | D:1      | Reached XP level 1. HP: 10/10 MP: 4/4
   227 | D:1      | Slain by a gnoll

Vault maps used:
D:1:      mrwooster_arrival_statue_2

Action                   || total
-------------------------++-------
Melee: Unarmed           ||     2
       Kick              ||     1
 Cast: Flame Tongue      ||     3
Dodge: Dodged            ||     1

Table legend:
 A = Spawn XP
 B = Non-spawn XP
 C = Spawn XP percentage of total XP
 D = Spawn monster count
 E = Non-spawn monster count
 F = Spawn count percentage of total count
 G = Total turns spent on level
                    A         B        C        D         E        F      G
               +---------+---------+-------+---------+---------+-------+---------
         Total |       0 |       4 |   0.0 |       0 |       2 |   0.0 |   227
               +---------+---------+-------+---------+---------+-------+---------
           D:1 |       0 |       4 |   0.0 |       0 |       2 |   0.0 |   227
               +---------+---------+-------+---------+---------+-------+---------
